 Dungeon Crawl Stone Soup version 0.29-a0-219-g0a02b1cf4f (webtiles) character file.

Game seed: 14389711575383977060

1116 avis the Fighter (level 8, 0/117 HPs)
             Began as a Hill Orc Monk on Feb 26, 2022.
             Slain by a vampire mosquito (2 damage)
             ... on level 5 of the Dungeon.
             The game lasted 00:21:04 (4918 turns).

avis the Fighter (Hill Orc Monk)                    Turns: 4918, Time: 00:21:04

Health: 0/117      AC: 24    Str: 16    XL:     8   Next: 34%
Magic:  8/8        EV:  2    Int: 10    God:
Gold:   176        SH:  5    Dex: 13    Spells: 7/7 levels left

rFire   + . .      SeeInvis .   a - +5 whip of Nasacopi {spect, rF+}
rCold   . . .      Faith    .   n - +0 buckler
rNeg    . . .      Spirit   .   (body armour currently unavailable)
rPois   +          Reflect  .   (helmet currently unavailable)
rElec   .          Harm     .   (cloak currently unavailable)
rCorr   .          Rampage  .   (gloves currently unavailable)
Will    .....      NoTele   +   (boots currently unavailable)
Stlth   ++........              (no amulet)
HPRegen 0.29/turn               (no ring)
MPRegen 0.11/turn               (no ring)

@: tree-form
A: stationary, stasis, torment immunity, boosted hp
a: no special abilities


You were on level 5 of the Dungeon.
You were a tree.
You visited 1 branch of the dungeon, and saw 6 of its levels.

You collected 380 gold pieces.
You spent 204 gold pieces at shops.

Inventory:

Hand Weapons
 a - the +5 whip of Nasacopi (weapon) {spect, rF+}
   (You found it on level 2 of the Dungeon)

   When its wielder attacks, the weapon's spirit leaps out and strikes again.
   The spirit shares a part of any damage it takes with its wielder.
   rF:        It protects you from fire.
 b - a +0 hand axe
 o - a +0 trident
 p - a +0 flail
 q - a +0 spear
 r - a +0 spear
 w - a +1 dagger of venom
 D - a +1 antimagic dagger
 E - a +0 quarterstaff
 G - a +2 whip of draining
 J - a +0 whip of draining
 M - a +0 halberd
 N - a +0 flail
 O - a +0 hunting sling
 S - a +0 trident
 U - a +0 trident
Missiles
 f - 174 stones
 F - 12 poisoned darts (quivered)
 I - 3 boomerangs
Armour
 e - a +0 scale mail
 n - a +0 buckler (worn)
 x - a +2 helmet (melded)
 B - a +0 chain mail (melded)
 C - a +0 plate armour
 K - a +0 helmet
Magical Staves
 h - a staff of air
Jewellery
 s - a +6 ring of dexterity
Wands
 L - a wand of polymorph (7)
Scrolls
 j - a scroll of enchant armour {unknown}
 k - 3 scrolls of amnesia
 l - 2 scrolls of fear {unknown}
 v - a scroll of fog {unknown}
 y - a scroll of magic mapping {unknown}
 A - 2 scrolls of teleportation
 P - a scroll of enchant weapon {unknown}
 Q - a scroll of noise
 R - a scroll of blinking
 T - 2 scrolls of torment {unknown}
Potions
 g - 2 potions of attraction
 i - 3 potions of mutation
 m - a potion of degeneration
 t - a potion of might
 u - a potion of brilliance
 z - a potion of haste {unknown}
 H - a potion of heal wounds {unknown}


   Skills:
 + Level 9.5 Fighting
 * Level 7.4 Axes
 - Level 2.4 Dodging
 - Level 1.5 Stealth
 - Level 4.0 Shields


You had 7 spell levels left.
You didn't know any spells.
Your spell library contained the following spells:

 Spells                   Type           Power      Damage    Failure   Level
 Slow                     Hex            0%         N/A       43%         1
 Confusing Touch          Hex            0%         N/A       82%         3
 Vampiric Draining        Necr           0%         2d6       82%         3


Dungeon Overview and Level Annotations

Branches:
Dungeon (6/15)
 Temple: D:4-7

Altars:
Ashenzari
Wu Jian

Shops:
D:4 ?   D:5 [(


Message History

Your Axes skill increases to level 7!
You hit the vampire mosquito.
The vampire mosquito is lightly damaged.
Your +5 whip of Nasacopi {spect, rF+} hits the vampire mosquito!
The vampire mosquito bites your +5 whip of Nasacopi {spect, rF+}!
Your spectral weapon shares its damage with you!
Your +5 whip of Nasacopi {spect, rF+} fades away.
* * * LOW HITPOINT WARNING * * *
The vampire mosquito bites you but does no damage.
You feel better.
The vampire mosquito completely misses you.
You hit the vampire mosquito.
The vampire mosquito is severely damaged.
Your +5 whip of Nasacopi {spect, rF+} barely misses the vampire mosquito.
The vampire mosquito bites you but does no damage.
The vampire mosquito bites you.
* * * LOW HITPOINT WARNING * * *
The vampire mosquito draws strength from your injuries!
The vampire mosquito bites you but does no damage.
The vampire mosquito bites you!
* * * LOW HITPOINT WARNING * * *
The vampire mosquito draws strength from your injuries!
You hit the vampire mosquito but do no damage.
The vampire mosquito is severely damaged.
Your +5 whip of Nasacopi {spect, rF+} barely misses the vampire mosquito.
The vampire mosquito bites you but does no damage. x3
Unknown command.
You barely miss the vampire mosquito.
The vampire mosquito is severely damaged.
Your +5 whip of Nasacopi {spect, rF+} hits the vampire mosquito!
The vampire mosquito completely misses you.
The vampire mosquito bites you but does no damage.
The vampire mosquito bites you.
* * * LOW HITPOINT WARNING * * *
The vampire mosquito draws strength from your injuries!
You whack the vampire mosquito!
You destroy the vampire mosquito!
The vampire mosquito bites you but does no damage.
The vampire mosquito bites you.
You die...

##.#.....#...##.#......###.......
.........#..................#....
..###........#...........##.###..
....##.......#.###..###...#......
...................^##..##....###
..............##.........#...## #
...##.........#........#......###
....#........>##.......####...÷..
...............y♣§.......#....##.
.#.#...........#####....##..#.###
.###...........####......#..#..#
...........................#...#
........................##.##..#
.###....................##..#..##
###......#....#.........#.....###
.........#....#..................
....................###..........


You could see a vampire mosquito.

Vanquished Creatures
  3 vampire mosquitoes (D:5)
  A sky beast (D:5)
  An ogre (D:4)
  A kobold brigand (D:5)
  2 scorpions (D:5)
  A howler monkey (D:5)
  2 hounds
  3 jellies
  2 iguanas
  2 orc wizards (D:3)
  Robin (D:4)
  7 gnolls
  2 adders
  A worm (D:3)
  A dart slug (D:3)
  7 orcs
  12 endoplasms
  4 giant cockroaches
  7 hobgoblins
  8 jackals
  4 quokkas
  4 ball pythons
  7 bats
  18 goblins
  14 kobolds
  3 rats
118 creatures vanquished.

Vanquished Creatures (others)
  8 fungi (D:3)
  4 toadstools (D:3)
12 creatures vanquished.

Grand Total: 130 creatures vanquished

Notes
Turn   | Place    | Note
-------+----------+-------------------------------------------
     0 | D:1      | avis the Hill Orc Monk began the quest for the Orb.
     0 | D:1      | Reached XP level 1. HP: 19/19 MP: 1/1
   253 | D:1      | Reached skill level 4 in Fighting
   336 | D:1      | Found a faded altar of an unknown god.
   410 | D:1      | Reached XP level 2. HP: 27/27 MP: 2/2
   605 | D:1      | You fall into a shaft and drop 1 floor!
  1173 | D:2      | Found an ornate altar of the Wu Jian Council.
  1212 | D:1      | Reached skill level 1 in Shields
  1428 | D:1      | Reached XP level 3. HP: 14/33 MP: 3/3
  1701 | D:2      | Identified the +5 whip of Nasacopi {spect, rF+}
  1746 | D:2      | Reached XP level 4. HP: 41/41 MP: 4/4
  2029 | D:3      | Reached XP level 5. HP: 44/47 MP: 5/5
  2030 | D:3      | Reached skill level 5 in Fighting
  2061 | D:3      | Found a broken altar of Ashenzari.
  2361 | D:3      | HP: 2/43 [acid (6)]
  2664 | D:3      | Reached skill level 5 in Axes
  2955 | D:3      | Reached XP level 6. HP: 41/57 MP: 6/6
  3585 | D:4      | Noticed Robin
  3588 | D:4      | Killed Robin
  3589 | D:4      | Reached skill level 6 in Fighting
  3646 | D:4      | Reached skill level 7 in Fighting
  3662 | D:4      | Reached XP level 7. HP: 60/66 MP: 7/7
  3813 | D:4      | Found Miust's Magic Scroll Boutique.
  3821 | D:4      | Bought a scroll of noise for 12 gold pieces
  3821 | D:4      | Bought a scroll of identify for 24 gold pieces
  3821 | D:4      | Bought a scroll of teleportation for 36 gold pieces
  3821 | D:4      | Bought a scroll of amnesia for 42 gold pieces
  3821 | D:4      | Bought a scroll of blinking for 90 gold pieces
  4121 | D:5      | Entered Level 5 of the Dungeon
  4197 | D:5      | Reached skill level 8 in Fighting
  4270 | D:5      | Found Eneff's Antique Weapon Emporium.
  4359 | D:5      | Found Marduk's Dragon-Slaying Spoils.
  4534 | D:5      | Reached skill level 9 in Fighting
  4809 | D:6      | Noticed a vampire mosquito
  4811 | D:6      | Noticed a vampire mosquito
  4812 | D:6      | Noticed a vampire mosquito
  4812 | D:6      | Noticed a vampire mosquito
  4819 | D:5      | Killed a vampire mosquito
  4820 | D:5      | Reached XP level 8. HP: 60/78 MP: 8/8
  4917 | D:5      | HP: 2/117 [vampire mosquito (5)]
  4918 | D:5      | Slain by a vampire mosquito

Illustrated notes

Levels and vault maps discovered:
D:1:      sevenhm_arrival_forest_fort_large_2, layout_loops_corners,
          ebering_ecumenical_altar_abandoned
D:2:      layout_rooms, basic_altar
D:3:      cheibrodos_fertilizer, layout_rooms, ashenzari_altar_1
D:4:      layout_rooms, serial_shops, nicolae_square_shop, uniq_robin
D:5:      layout_cave_pools, serial_shops, nicolae_shop_crystal,
          nicolae_shop_dragon_depot
D:6:      layout_basic, uniq_sigmund

Skill      XL: |  1  2  3  4  5  6  7  8 |
---------------+-------------------------+-----
Fighting       | 4 5 7 9 |  9.5
Shields        | 1 2 3 4 |  4.0
Axes           | 5 6 7 |  7.4
Dodging        | |  2.4
Stealth        | |  1.5

Action                   |  1- 3 |  4- 6 |  7- 9 || total
-------------------------+-------+-------+-------++-------
Melee: Hand axe          |    26 |       |       ||    26
       Dagger            |    43 |       |       ||    43
       Whip              |     7 |   117 |    62 ||   186
Throw: Dart              |       |     4 |       ||     4
  Use: Scroll            |       |       |     7 ||     7
       Potion            |       |       |     3 ||     3
Armor: Scale mail        |    40 |     2 |       ||    42
       Chain mail        |       |    58 |    25 ||    83
       Skin              |       |       |    21 ||    21
Dodge: Dodged            |    45 |    31 |    13 ||    89
Block: Buckler           |    17 |    24 |    11 ||    52

Table legend: (Time is in decaauts)
 A = Elapsed time spent in this place.
 B = Non-inter-level travel time spent in this place.
 C = Inter-level travel time spent in this place.
 D = Time resting spent in this place.
 E = Time spent auto-exploring this place.
 F = Levels seen in this place.
 G = Mean time per level.
                   A        B        C        D        E       F      G
               +--------+--------+--------+--------+--------+-----+--------+
         Total |   4940 |   4667 |    273 |   1254 |   2294 |   6 |  823.3 |
       Dungeon |   4940 |   4667 |    273 |   1254 |   2294 |   6 |  823.3 |
               +--------+--------+--------+--------+--------+-----+--------+

Top non-repeatable levels by time:
     D:1: 1594 daAuts
     D:2: 983 daAuts
     D:3: 949 daAuts
     D:5: 749 daAuts
     D:4: 657 daAuts
     D:6: 6 daAuts
